AoeStats
← Coalpool6926

Arena

508928119Analyzed
4v4 RM · 8d ago on Sep 24, 2026· 54m 31s· 8 players
Game mode
Random Map
Map size
Large (8 player)
Population
200
Speed
Normal
Resources
Standard
Victory
Conquest
Starting age
Dark Age
Ending age
Imperial Age
RankedLock teamsTeams togetherTeam positionsShared explorationLock speedFull tech treeHidden civsTurbo modeCheats
Victory
Defeat
🇩🇪 Romans · Germany
1168
+14
🇩🇪 Magyars · Germany
1102
+17
🇲🇽 Lithuanians · Mexico
1070
+18
🇬🇧 Khmer · United Kingdom
1023
+21
🇹🇼 Varangians · Taiwan
1145
-18
🇹🇼 Danes · Taiwan
1132
-18
🇹🇼 Varangians · Taiwan
1126
-18
🇨🇳 Poles · China
1091
-16
Abraham16034735
10:12 Feudal Age
14:15 Castle Age
12:22 Double-Bit Axe
12:59 Horse Collar
18:50 Bow Saw
18:43 Loom
18:45 Town Watch
22:51 Wheelbarrow
22:55 Gold Mining
24:31 Bloodlines
24:35 Scale Barding Armor
25:38 Hand Cart
26:45 Chain Barding Armor
26:51 Heavy Plow
30:42 Imperial Age
28:45 Forging
28:39 Husbandry
29:28 Fletching
32:02 Iron Casting
32:20 Plate Barding Armor
32:33 Bodkin Arrow
34:37 Two-Man Saw
34:10 Crop Rotation
34:18 Conscription
35:57 Chemistry
35:30 Bracer
35:54 Ballistics
36:20 Cavalier
38:37 Paladin
41:25 Treadmill Crane
41:56 Masonry
42:21 Light Cavalry
46:17 Architecture
45:48 Elite Leitis
47:11 Winged Hussar
49:01 Hoardings
53:49 Stone Mining
Coalpool6926
11:04 Feudal Age
12:53 Loom
15:32 Castle Age
13:50 Double-Bit Axe
13:57 Horse Collar
16:26 Bow Saw
16:59 Light Cavalry
18:22 Bloodlines
26:43 Fortified Wall
28:25 Wheelbarrow
32:33 Imperial Age
30:19 Scale Barding Armor
31:08 Forging
31:03 Husbandry
32:06 Chain Barding Armor
33:19 Hand Cart
33:11 Hussar
33:21 Hussar
35:13 Iron Casting
35:55 Caravan
37:28 Plate Barding Armor
37:06 Heavy Plow
38:38 Blast Furnace
39:32 Conscription
40:13 Crop Rotation
40:42 Cavalier
SchmirgirglBene
10:51 Feudal Age
14:37 Castle Age
12:59 Double-Bit Axe
13:31 Horse Collar
16:27 Bow Saw
16:50 Loom
21:08 Wheelbarrow
24:57 Fletching
27:58 Imperial Age
25:57 Padded Archer Armor
26:00 Gold Mining
26:55 Bodkin Arrow
27:35 Ballistics
27:43 Heavy Plow
28:00 Thumb Ring
28:24 Leather Archer Armor
29:08 Parthian Tactics
29:38 Bracer
30:25 Ring Archer Armor
31:40 Chemistry
31:36 Recurve Bow
31:42 Heavy Cavalry Archer
33:17 Masonry
34:00 Bloodlines
33:51 Husbandry
38:49 Scale Barding Armor
40:05 Chain Barding Armor
40:12 Elite Magyar Huszar
40:55 Corvinian Army
44:04 Plate Barding Armor
53:15 Two-Man Saw
Luca
4:23 Loom
7:12 Loom
12:42 Feudal Age
12:47 Feudal Age
16:16 Castle Age
14:09 Horse Collar
14:26 Double-Bit Axe
15:33 Gold Mining
15:37 Stone Mining
23:05 Bow Saw
24:46 Wheelbarrow
24:13 Town Watch
26:44 Ballistics
29:25 Imperial Age
27:23 Heavy Plow
27:48 Masonry
27:33 Murder Holes
28:24 Scale Barding Armor
29:06 Hand Cart
28:52 Town Patrol
30:04 Heavy Scorpion
31:34 Gold Shaft Mining
31:02 Town Patrol
32:31 Onager
33:36 Ballistas
33:54 Fletching
36:17 Careening
36:14 Siege Engineers
38:07 Architecture
37:32 Murder Holes
38:37 Chemistry
38:11 Architecture
37:37 Murder Holes
39:58 Conscription
38:59 Elite Centurion
39:58 Bodkin Arrow
45:44 Chain Barding Armor
46:01 Crop Rotation
47:43 Forging
48:09 Plate Barding Armor
49:52 Comitatenses
50:43 Iron Casting
50:09 Padded Archer Armor
50:26 Bloodlines
50:16 Husbandry
50:43 Caravan
52:51 Blast Furnace
51:23 Man-at-Arms
aquarius0124
10:45 Feudal Age
12:00 Loom
14:50 Castle Age
12:58 Double-Bit Axe
13:32 Horse Collar
23:25 Town Watch
24:21 Heavy Plow
26:18 Wheelbarrow
26:36 Bow Saw
32:00 Imperial Age
30:24 Fletching
30:38 Squires
30:24 Gambesons
32:18 Hand Cart
31:51 Treadmill Crane
32:08 Arson
34:52 Bodkin Arrow
36:00 Chemistry
35:23 Siege Engineers
35:44 Elite Varangian Guard
36:09 Pikeman
36:59 Scale Mail Armor
37:09 Forging
37:00 Bracer
38:05 Chemistry
38:15 Fortified Wall
38:02 Murder Holes
38:28 Chain Mail Armor
38:28 Gothikon
39:32 Conscription
39:56 Onager
40:30 Pikeman
52:04 Plate Mail Armor
Chia
11:10 Feudal Age
11:37 Double-Bit Axe
14:53 Castle Age
12:55 Horse Collar
16:28 Bow Saw
16:21 Heavy Plow
22:30 Wheelbarrow
24:23 Hand Cart
24:06 Gold Mining
25:26 Stone Mining
27:00 Gold Shaft Mining
27:11 Stone Shaft Mining
27:51 Loom
28:15 Scale Mail Armor
29:17 Chain Mail Armor
29:14 Forging
29:57 Hamask
31:17 Iron Casting
30:35 Fletching
34:14 Imperial Age
32:30 Squires
32:39 Gambesons
33:12 Arson
34:16 Onager
34:22 Elite Varangian Guard
35:35 Plate Mail Armor
35:03 Bodkin Arrow
36:11 Blast Furnace
34:42 Northmen's Fury
36:09 Siege Engineers
35:39 Siege Onager
36:56 Town Watch
37:15 Bodkin Arrow
40:43 Conscription
39:58 Capped Ram
40:31 Pikeman
42:15 Hoardings
44:26 Halberdier
45:34 Siege Ram
beauty viper
10:51 Feudal Age
11:52 Loom
14:46 Castle Age
13:00 Horse Collar
14:03 Double-Bit Axe
28:53 Imperial Age
26:47 Bow Saw
26:46 Heavy Plow
26:45 Stone Mining
27:07 Gold Mining
27:53 Scale Mail Armor
27:41 Town Watch
28:34 Wheelbarrow
29:09 Stone Shaft Mining
28:54 Chain Mail Armor
29:24 Murder Holes
29:43 Forging
31:06 Two-Man Saw
30:32 Squires
31:05 Plate Mail Armor
31:14 Masonry
30:47 Elite Varangian Guard
31:33 Arson
32:25 Iron Casting
32:41 Conscription
32:42 Hand Cart
34:58 Blast Furnace
33:54 Gothikon
35:22 Vendel Legacy
36:45 Architecture
36:23 Scale Barding Armor
36:33 Cavalier
37:15 Husbandry
37:54 Bloodlines
37:15 Vendel Legacy
38:20 Chain Barding Armor
38:14 Caravan
40:19 Plate Barding Armor
39:47 Town Patrol
40:02 Fortified Wall
40:34 Crop Rotation
42:46 Ballistics
42:19 Fletching
42:30 Padded Archer Armor
42:18 Elite Skirmisher
43:13 Bodkin Arrow
44:16 Bracer
44:56 Leather Archer Armor
46:51 Pikeman
52:23 Treadmill Crane
强力枇杷露
8:07 Loom
9:55 Feudal Age
9:13 Loom
14:11 Castle Age
12:36 Double-Bit Axe
18:37 Horse Collar
21:54 Wheelbarrow
22:37 Bow Saw
22:26 Town Watch
24:34 Heavy Plow
26:20 Hand Cart
28:43 Imperial Age
26:45 Scale Barding Armor
27:32 Forging
27:49 Szlachta Privileges
28:06 Gold Mining
28:47 Chain Barding Armor
29:03 Iron Casting
28:26 Stone Mining
29:06 Husbandry
29:16 Bloodlines
28:46 Cavalier
30:42 Conscription
31:05 Stone Shaft Mining
31:31 Crop Rotation
32:35 Chemistry
32:30 Siege Engineers
33:05 Fletching
34:16 Blast Furnace
33:17 Padded Archer Armor
33:35 Town Patrol
33:44 Elite Skirmisher
34:53 Block Printing
34:56 Thumb Ring
35:53 Bodkin Arrow
39:15 Lechitic Legacy
38:25 Light Cavalry
39:39 Ballistics
39:23 Bracer
39:39 Leather Archer Armor
40:52 Hoardings
39:39 Winged Hussar
45:17 Heavy Mounted Crossbowman
53:47 Fortified Wall
53:48 Masonry
Connection lost

Rejoining the realm…

Still unreachable

The connection could not be restored.

Session expired

The server has moved on; the page needs a fresh start.